AoeStats
← BOMBERONE

Arena

510788159Analyzed
3v3 RM · 10h ago on Oct 2, 2026· 44m 39s· 6 players
Game mode
Random Map
Map size
Normal (6 player)
Population
200
Speed
Normal
Resources
Standard
Victory
Conquest
Starting age
Dark Age
Ending age
Imperial Age
RankedLock teamsTeams togetherTeam positionsShared explorationLock speedFull tech treeHidden civsTurbo modeCheats
Victory
Defeat
🇭🇰 Goths · Hong Kong SAR China
939
+14
🇨🇱 Japanese · Chile
935
+14
🇭🇰 Varangians · Hong Kong SAR China
886
+16
🇮🇳 Dravidians · India
927
-16
🇺🇦 Varangians · Ukraine
911
-15
🇮🇹 Sicilians · Italy
852
-33
Alogib
9:10 Loom
11:41 Feudal Age
12:13 Double-Bit Axe
16:40 Castle Age
15:02 Stone Mining
15:26 Horse Collar
17:40 Bow Saw
17:56 Heavy Plow
18:41 Forging
20:20 Gold Mining
21:39 Bloodlines
22:05 Fervor
22:58 Husbandry
23:25 Squires
25:30 Scale Mail Armor
27:06 Scale Barding Armor
28:22 Wheelbarrow
28:31 Iron Casting
28:13 Arson
29:32 Chain Mail Armor
29:17 Fletching
30:43 Bodkin Arrow
35:59 Imperial Age
35:47 Masonry
36:11 Elite Varangian Guard
38:34 Chemistry
40:35 Blast Furnace
BOMBERONE
10:55 Feudal Age
11:21 Horse Collar
11:31 Double-Bit Axe
15:44 Wheelbarrow
16:44 Gold Mining
21:49 Castle Age
22:13 Man-at-Arms
22:15 Pikeman
22:57 Squires
24:04 Hand Cart
25:41 Gold Shaft Mining
24:56 Stone Mining
24:49 Crossbowman
25:34 Husbandry
28:20 Stone Shaft Mining
27:19 Light Cavalry
28:10 Bloodlines
28:35 Heavy Plow
29:33 Bow Saw
33:09 Imperial Age
32:32 Long Swordsman
Bickus Diggus
10:56 Feudal Age
11:34 Double-Bit Axe
11:33 Horse Collar
13:13 Loom
16:19 Castle Age
15:43 Stone Mining
15:46 Gold Mining
17:51 Bow Saw
22:17 Heavy Plow
24:43 Wheelbarrow
25:04 Fletching
27:54 Town Watch
34:37 Imperial Age
33:56 Squires
33:18 Pikeman
34:08 Scale Mail Armor
34:03 Bodkin Arrow
34:20 Forging
35:00 Gambesons
34:38 Man-at-Arms
35:43 Masonry
35:50 Fortified Wall
35:20 Long Swordsman
36:58 Conscription
36:51 Two-Handed Swordsman
37:52 Hand Cart
38:38 Champion
40:11 Wootz Steel
40:48 Chain Mail Armor
41:15 Arson
42:39 Plate Mail Armor
43:24 Iron Casting
45:06 Chemistry
Necropulpectomía
0:28 Loom
10:26 Feudal Age
11:50 Wheelbarrow
14:49 Castle Age
12:42 Double-Bit Axe
13:56 Horse Collar
22:27 Heavy Plow
22:46 Bow Saw
23:28 Loom
25:48 Gold Mining
26:23 Hand Cart
27:09 Gold Shaft Mining
27:13 Scale Mail Armor
27:23 Forging
27:16 Squires
28:11 Chain Mail Armor
27:44 Gambesons
27:51 Arson
30:04 Iron Casting
34:01 Imperial Age
35:21 Plate Mail Armor
35:52 Blast Furnace
35:15 Conscription
34:15 Elite Samurai
36:11 Capped Ram
38:01 Siege Engineers
40:35 Two-Man Saw
LQuan
11:51 Feudal Age
12:45 Double-Bit Axe
13:19 Horse Collar
18:20 Castle Age
16:34 Gold Mining
17:27 Scale Mail Armor
21:13 Squires
21:52 Bow Saw
21:11 Pikeman
22:43 Fervor
26:31 Sanctity
31:12 Heavy Plow
32:24 Forging
32:30 Chain Mail Armor
39:04 Imperial Age
36:23 Loom
38:54 Wheelbarrow
39:53 Iron Casting
39:09 Halberdier
40:23 Conscription
40:58 Perfusion
41:02 Anarchy
40:44 Man-at-Arms
41:23 Long Swordsman
43:53 Two-Man Saw
43:57 Crop Rotation
44:29 Two-Handed Swordsman
46:19 Blast Furnace
老歪
1:34 Loom
11:43 Feudal Age
12:47 Double-Bit Axe
18:26 Castle Age
16:55 Horse Collar
17:12 Gold Mining
17:43 Stone Mining
20:18 Husbandry
21:42 Stone Shaft Mining
23:38 Bloodlines
29:14 Wheelbarrow
29:15 Squires
29:00 Gambesons
32:49 Fletching
35:48 Treadmill Crane
36:05 Murder Holes
37:04 Bodkin Arrow
37:47 Hand Cart
46:16 Imperial Age
Connection lost

Rejoining the realm…

Still unreachable

The connection could not be restored.

Session expired

The server has moved on; the page needs a fresh start.